 Dungeon Crawl Stone Soup version 0.31.0-32-g396128a36d (webtiles) character file.

Game seed: 11131050614913236738

51758 sono the Warrior (level 14, -10/106 HPs)
             Began as a Gargoyle Fighter on Apr 21, 2024.
             Was an Initiate of Gozag.
             Mangled by a salamander mystic
             ... wielding a +0 scimitar
              (13 damage)
             ... on level 1 of the Snake Pit.
             The game lasted 01:41:32 (27257 turns).

sono the Warrior (Gargoyle Fighter)                Turns: 27257, Time: 01:41:33

Health: -10/106    AC: 42    Str: 26    XL:     14   Next: 61%
Magic:  14/14      EV:  5    Int: 13    God:    Gozag
Gold:   1971       SH:  5    Dex: 13    Spells: 13/13 levels left

rFire   . . .        N - +4 battleaxe (freeze)
rCold   . . .        (shield currently unavailable)
rNeg    + . .        P - +3 plate armour
rPois   ∞            x - +0 hat
rElec   +            B - +0 cloak
rCorr   .            z - +0 pair of gloves
SInv    .            F - +0 pair of boots
Will    ++...        G - amulet of the Queen {Reflect Will+ Str+2 Int+3 Dex+4 SH+5} Stlth
                     o - +4 ring of protection
HPRegen 0.37/turn    s - +4 ring of protection
MPRegen 0.14/turn

%: reflection
@: gold aura, flying, constricted
A: sickness immunity, AC +10, big wings, negative energy resistance 1,
electricity resistance, torment resistance 1, petrification resistance
a: Renounce Religion, Potion Petition, Call Merchant, Bribe Branch


You were on level 1 of the Snake Pit.
You worshipped Gozag.
Gozag was most pleased with you.
You visited 6 branches of the dungeon, and saw 23 of its levels.
You also visited: Bailey.

You collected 6006 gold pieces.
You spent 931 gold pieces at shops.
You paid 3104 gold pieces to Gozag.

Inventory:

Hand Weapons
 C - a +4 morningstar
 N - a +4 battleaxe of freezing (weapon)
 Z - a +0 executioner's axe
Missiles
 m - 6 silver javelins
 r - 4 darts of dispersal
 t - a throwing net
 v - 2 javelins
 J - 45 boomerangs
 Q - 35 poisoned darts (quivered)
 R - 20 curare-tipped darts
 U - 4 datura-tipped darts
 W - 4 atropa-tipped darts
Armour
 x - a +0 hat (worn)
 z - a +0 pair of gloves (worn)
 B - a +0 cloak (worn)
 F - a +0 pair of boots (worn)
 P - a +3 plate armour (worn)
Jewellery
 b - a ring of protection from cold
 c - an amulet of regeneration
 o - a +4 ring of protection (left hand)
 p - a ring of willpower
 s - a +4 ring of protection (right hand)
 G - the amulet of the Queen (around neck) {Reflect Will+ Str+2 Int+3 Dex+4 SH+5}
   (You bought it in a shop on level 2 of the Orcish Mines)

   [amulet of reflection]

   Reflect:   It reflects blocked missile attacks.
   Str+2:     It affects your strength (+2).
   Int+3:     It affects your intelligence (+3).
   Dex+4:     It affects your dexterity (+4).
   Will+:     It increases your willpower.
   SH+5:      It affects your SH (+5).
 T - a ring of fire
 X - a ring of resist corrosion
Wands
 w - a wand of digging (9)
 y - a wand of iceblast (21)
 I - a wand of flame (35)
 S - a wand of light (24)
Scrolls
 e - 5 scrolls of immolation {unknown}
 f - 3 scrolls of fear
 g - 5 scrolls of teleportation
 h - 3 scrolls of enchant armour {unknown}
 l - a scroll of silence {unknown}
 A - a scroll of fog {unknown}
 D - 4 scrolls of blinking {unknown}
 E - a scroll of noise {unknown}
 H - a scroll of poison {unknown}
 L - 2 scrolls of torment {unknown}
 M - a scroll of vulnerability {unknown}
 O - 2 scrolls of revelation
 Y - a scroll of acquirement {unknown}
Potions
 d - 5 potions of might
 i - 6 potions of curing
 j - 2 potions of cancellation
 k - 5 potions of enlightenment
 n - 3 potions of heal wounds
 q - 3 potions of haste
 u - a potion of resistance {unknown}
 K - a potion of berserk rage {unknown}
 V - 3 potions of invisibility


   Skills:
 + Level 19.1 Fighting
 + Level 7.7(9.5) Axes
 - Level 9.4(10.8) Maces & Flails
 - Level 2.6 Throwing
 + Level 14.4 Armour
 - Level 3.3 Shields
 + Level 0.5 Evocations


You had 13 spell levels left.
You didn't know any spells.
Your spell library contained the following spells:

 Spells                   Type           Power      Damage    Failure   Level
 Apportation              Tloc           0%         N/A       91%         1
 Freeze                   Ice            0%         1d3       91%         1
 Kiss of Death            Conj/Necr      0%         2d5       91%         1
 Call Imp                 Summ           0%         N/A       97%         2
 Ensorcelled Hibernation  Hex/Ice        0%         N/A       97%         2
 Jinxbite                 Hex            0%         N/A       97%         2
 Mercury Vapours          Alch/Air       0%         N/A       97%         2
 Confusing Touch          Hex            0%         N/A       100%        3
 Frozen Ramparts          Ice            0%         1d1       100%        3
 Fugue of the Fallen      Necr           0%         N/A       100%        3
 Gell's Gravitas          Tloc           0%         N/A       100%        3
 Hailstorm                Conj/Ice       0%         3d5       100%        3
 Inner Flame              Hex/Fire       0%         N/A       100%        3
 Mephitic Cloud           Conj/Alch/Air  0%         N/A       100%        3
 Teleport Other           Tloc           0%         N/A       100%        3
 Volatile Blastmotes      Fire/Tloc      0%         2d10      100%        3
 Anguish                  Hex/Necr       0%         N/A       100%        4
 Animate Armour           Summ/Erth      0%         N/A       100%        4
 Dispel Undead            Necr           0%         3d6       100%        4
 Flame Wave               Conj/Fire      0%         2d4       100%        4
 Fulminant Prism          Conj/Alch      0%         3d5       100%        4
 Iskenderun's Mystic Bla  Conj/Tloc      0%         2d3       100%        4
 Leda's Liquefaction      Alch/Erth      0%         N/A       100%        4
 Petrify                  Alch/Erth      0%         N/A       100%        4
 Sticky Flame             Fire/Alch      0%         2d4       100%        4
 Summon Blazeheart Golem  Fire/Summ      0%         N/A       100%        4
 Summon Lightning Spire   Summ/Air       0%         N/A       100%        4
 Vhi's Electric Charge    Tloc/Air       0%         N/A       100%        4
 Alistair's Intoxication  Alch           0%         N/A       100%        5
 Arcjolt                  Conj/Air       0%         1d10      100%        5
 Freezing Cloud           Conj/Ice/Air   0%         6-21      100%        5
 Lee's Rapid Deconstruct  Erth           0%         3d4*      100%        5
 Metabolic Englaciation   Hex/Ice        0%         N/A       100%        5
 Dispersal                Tloc           0%         N/A       100%        6
 Plasma Beam              Fire/Air       0%         2x1d10    100%        6
 Haunt                    Necr/Summ      0%         N/A       100%        7
 Orb of Destruction       Conj           0%         9d5       100%        7
 Spellforged Servitor     Conj/Summ      0%         N/A       100%        7
 Summon Hydra             Summ           0%         N/A       100%        7
 Borgnjor's Revivificati  Necr           0%         N/A       100%        8
 Death's Door             Necr           0%         N/A       100%        9
 Sublimation of Blood     Necr           Unusable   N/A       N/A         2

Dungeon Overview and Level Annotations

Branches:
Dungeon (15/15)            Temple (1/1) D:5            Lair (3/5) D:10
 Shoals (1/4) Lair:2        Snake (1/4) Lair:2          Orc (2/2) D:12
    Elf (0/3) Orc:2        Vaults (0/5) D:14         Depths (0/4) D:15
 Bailey (visited)

Altars:
Ashenzari
Cheibriados
Dithmenos
Elyvilon
Fedhas
Gozag
Hepliaklqana
Kikubaaqudgha
Makhleb
Nemelex Xobeh
Okawaru
Qazlal
Ru
Sif Muna
Trog
Uskayaw
Vehumet
Wu Jian
Xom
Yredelemnul
Zin
The Shining One
Jiyva

Shops:
D:3 [   D:7 [   D:9 *   D:13 =   D:15 *   Orc:2 [!=(

Annotations:
D:10 3 runed translucent doors, CapUranus's ghost, journeyman HOFi
Lair:1 3 runed translucent doors, 2 transporters, sikcd's ghost, journeyman DjWn


Innate Abilities, Weirdness & Mutations

You are immune to sickness and miasma.
Your stone body is resilient. (AC +10)
You are immune to poison.
Your large and strong wings let you fly.
You resist negative energy. (rN+)
You are resistant to electric shocks. (rElec)
You are resistant to unholy torment.
You are immune to petrification.


Message History

You slice the naga!! You freeze the naga.
You kill the naga!
You hit the naga warrior. You freeze the naga warrior.
You hit the naga but do no damage. You hit the salamander mystic.
You freeze the salamander mystic. The naga hits you but does no damage.
The naga warrior hits you but does no damage.
The naga warrior closely misses you. You block the naga warrior's attack.
The naga warrior grabs you. The naga warrior constricts you.
The naga hits you but does no damage.
The salamander mystic gestures at the naga while chanting.
The naga seems to speed up.
You slash the naga! You freeze the naga.
You kill the naga!
You hit the salamander mystic. You freeze the salamander mystic.
You hit the naga warrior but do no damage.
The naga warrior spits poison at you.
The splash of poison hits you but does no damage.
You resist. The naga warrior constricts you.
The naga hits you from afar with a +0 halberd!!
The salamander mystic hits you but does no damage.
The naga warrior hits you but does no damage.
The naga warrior constricts you.
The naga hits you from afar with a +0 halberd!
You slice the salamander mystic!! You freeze the salamander mystic.
The salamander mystic is heavily wounded.
You barely miss the naga warrior.
The naga warrior hits you with a +0 war axe.
The naga warrior constricts you.
The naga hits you from afar with a +0 halberd!
* * * LOW HITPOINT WARNING * * *
The salamander mystic casts a spell at you.
The bolt of magma hits you!!
* * * LOW HITPOINT WARNING * * *
The naga warrior is distracted by your dazzling golden aura.
The naga warrior constricts you. The naga closely misses you.
The salamander mystic hits you with a +0 scimitar.
* * * LOW HITPOINT WARNING * * *
You are engulfed in flames!
You die...
Your body crumbles into a pile of gold.

#..............N...##
#....######..####....##
#....# ##.# ##....#
..#.# #..# ##....# ...#
##.# #N...# .# #####.##
#.... ##......## #N..
##..$.....## N.#
##..@$......## N.
#...NNN......# .
#....[<......#
#.....)....).#
#............#
#..).........#
#............##
##............#
##........#...#


You could see a naga warrior (fast, unaware), a salamander mystic (strong) and a
naga (fast, strong).

Vanquished Creatures
  An ettin (Orc:1)
  A merfolk javelineer (Lair:2)
  Josephine (D:11)
  An anaconda (shapeshifter) (D:14)
  Harold (D:11)
  A catoblepas (D:13)
  4 two-headed ogres
  A centaur warrior (D:13)
  A naga warrior (Lair:2)
  An anaconda (Snake:1)
  5 boulder beetles
  4 orc high priests
  Sonja (D:13)
  A shock serpent (Snake:1)
  A swamp dragon (shapeshifter) (D:14)
  A mana viper (Snake:1)
  A deep elf pyromancer (D:11)
  4 orc sorcerers
  2 manticores
  2 ugly things
  4 elephants (Lair:2)
  2 cyclopes
  A centaur zombie (D:10)
  3 black mambas
  4 gargoyles (D:11)
  A torpor snail (Lair:2)
  4 cane toads
  3 unseen horrors (D:11)
  An unseen horror zombie (D:10)
  4 komodo dragons
  2 wind drakes (Shoals:1)
  5 trolls
  A snapping turtle (Shoals:1)
  A hornet (D:8)
  13 blink frogs
  8 slime creatures
  Sigmund (D:6)
  2 shadows
  A water elemental (D:12)
  A vampire (D:13)
  5 wyverns
  8 wraiths
  A wyvern (shapeshifter) (D:14)
  2 basilisks
  25 yaks
  12 vampire mosquitoes
  3 steam dragons
  An acid dragon (D:11)
  7 nagas
  7 water moccasins
  26 orc warriors
  2 ice beasts
  An ice beast (shapeshifter) (D:14)
  3 ogres
  A sky beast (D:8)
  A wolf (Lair:3)
  9 centaurs
  A phantom (D:7)
  7 kobold brigands
  8 bullfrogs
  A gnoll sergeant (D:10)
  6 scorpions
  4 wights (D:7)
  12 killer bees
  3 electric eels (D:12)
  2 howler monkeys
  A jelly (D:8)
  2 hounds
  A bombardier beetle (D:5)
  23 orc priests
  4 gnoll boudas
  2 sleepcaps
  6 iguanas
  47 orc wizards
  28 gnolls
  8 adders
  A shadow imp (D:7)
  2 ufetubi (D:6)
  2 dart slugs (D:1)
  2 ribbon worms
  83 orcs
  9 ball pythons
  8 endoplasms
  3 giant cockroaches
  7 goblins
  14 hobgoblins
  10 jackals
  12 bats
  4 frilled lizards
  24 kobolds
  6 rats
564 creatures vanquished.

Vanquished Creatures (collateral kills)
  A faun (Shoals:1)
1 creature vanquished.

Vanquished Creatures (others)
  An orc wizard (D:11)
1 creature vanquished.

Grand Total: 566 creatures vanquished

Notes
Turn   | Place    | Note
-------+----------+-------------------------------------------
     0 | D:1      | sono the Gargoyle Fighter began the quest for the Orb.
     0 | D:1      | Reached XP level 1. HP: 14/14 MP: 1/1
   242 | D:1      | Reached XP level 2. HP: 18/20 MP: 2/2
   408 | D:1      | Found a faded altar of an unknown god.
   417 | D:1      | Reached skill level 4 in Fighting
   419 | D:1      | Reached XP level 3. HP: 24/24 MP: 3/3
  1392 | D:2      | Reached XP level 4. HP: 29/29 MP: 4/4
  1392 | D:2      | Found the Hermit's Pendant {Faith Invo=14 Evo=0 MP+5}
  2054 | D:3      | Found a hazy altar of Hepliaklqana.
  2348 | D:3      | Found Cosuh's Antique Armour Boutique.
  2364 | D:3      | Reached XP level 5. HP: 34/34 MP: 5/5
  3159 | D:4      | Reached skill level 5 in Fighting
  3159 | D:4      | Reached XP level 6. HP: 30/40 MP: 6/6
  3779 | D:4      | Reached XP level 7. HP: 45/45 MP: 7/7
  3993 | D:4      | Reached skill level 5 in Maces & Flails
  4235 | D:5      | Entered Level 5 of the Dungeon
  4550 | D:5      | Found a staircase to the Ecumenical Temple.
  4559 | Temple   | Entered the Ecumenical Temple
  4662 | D:5      | Reached skill level 6 in Fighting
  4662 | D:5      | Reached skill level 5 in Armour
  5036 | D:5      | Found a shimmering blue altar of Sif Muna.
  5124 | D:6      | Noticed Sigmund
  5335 | D:6      | Reached XP level 8. HP: 30/52 MP: 8/8
  5971 | D:5      | Reached skill level 7 in Fighting
  6572 | D:6      | Killed Sigmund
  6937 | D:7      | Found an opulent altar of Gozag.
  6938 | D:7      | Found a sparkling altar of Nemelex Xobeh.
  6944 | D:7      | Became a worshipper of Gozag Ym Sagoz the Greedy
  7214 | D:6      | Reached XP level 9. HP: 58/58 MP: 9/9
  7299 | D:7      | Found a sacrificial altar of Ru.
  7433 | D:7      | Reached skill level 8 in Fighting
  7550 | D:7      | Noticed an animated pearl dragon scales
  7552 | D:7      | Found Liduz's Armour Boutique.
  7554 | D:7      | Noticed an animated crystal plate armour
  8396 | D:8      | Reached skill level 9 in Fighting
  8460 | D:8      | Noticed a hornet
  8477 | D:8      | Killed a hornet
  8814 | D:8      | Reached XP level 10. HP: 67/67 MP: 10/10
  8832 | D:8      | Reached skill level 10 in Fighting
  9628 | D:9      | Found Pavisch's Sacrilege Store.
  9710 | D:9      | Found a flagged portal.
  9718 | Bailey   | Entered a bailey
  9818 | Bailey   | Identified the +11 trident of Sandy Action {venom, *Rage
                  | *Slow rF++ Int+8}
  9956 | Bailey   | Found a bloodstained altar of Trog.
 10075 | D:9      | Found a blossoming altar of Fedhas.
 10076 | D:9      | Found an ornate altar of the Wu Jian Council.
 10077 | D:9      | Found a snail-covered altar of Cheibriados.
 10077 | D:9      | Found a glowing golden altar of the Shining One.
 10110 | D:9      | Noticed a two-headed ogre
 10120 | D:9      | Killed a two-headed ogre
 10121 | D:9      | Reached skill level 11 in Fighting
 10299 | D:9      | Noticed a two-headed ogre
 10308 | D:9      | Killed a two-headed ogre
 10309 | D:9      | Reached skill level 1 in Throwing
 10543 | D:9      | Reached skill level 12 in Fighting
 11048 | D:10     | Entered Level 10 of the Dungeon
 11060 | D:9      | Reached XP level 11. HP: 64/76 MP: 11/11
 11424 | D:10     | Found a staircase to the Lair.
 11476 | D:10     | Reached skill level 13 in Fighting
 11522 | Lair:1   | Entered Level 1 of the Lair of Beasts
 11690 | Lair:1   | Reached skill level 10 in Armour
 11929 | Lair:1   | Found a runed translucent gate.
 11930 | Lair:1   | Found a runed translucent gate.
 11930 | Lair:1   | Noticed a ten-headed hydra
 11931 | Lair:1   | Found a runed translucent gate.
 11932 | Lair:1   | Noticed sikcd's ghost (journeyman DjWn)
 12107 | Lair:1   | Found a transporter.
 12107 | Lair:1   | Found a transporter.
 12107 | Lair:1   | Noticed a boulder beetle
 12107 | Lair:1   | Noticed a boulder beetle
 12235 | Lair:1   | Reached skill level 14 in Fighting
 13619 | Lair:1   | Reached XP level 12. HP: 68/86 MP: 12/12
 13712 | Lair:2   | Found a staircase to the Shoals.
 13806 | Lair:2   | Reached skill level 15 in Fighting
 14220 | Lair:2   | Noticed a boulder beetle
 14232 | Lair:2   | Killed a boulder beetle
 14610 | Lair:2   | Reached skill level 16 in Fighting
 14707 | Lair:2   | Found a staircase to the Snake Pit.
 15281 | Lair:3   | Noticed a four-headed hydra
 15643 | D:10     | Found a runed translucent gate.
 15643 | D:10     | Found a runed translucent gate.
 15643 | D:10     | Found a runed translucent gate.
 15644 | D:10     | Found a viscous altar of Jiyva.
 15644 | D:10     | Noticed CapUranus's ghost (journeyman HOFi)
 15661 | D:10     | Found a glowing silver altar of Zin.
 15801 | D:10     | Found a basalt altar of Yredelemnul.
 16141 | D:11     | Reached skill level 17 in Fighting
 16141 | D:11     | Reached XP level 13. HP: 82/96 MP: 13/13
 16282 | D:11     | Noticed Josephine
 16300 | D:11     | Killed Josephine
 17225 | D:11     | Noticed Harold
 17246 | D:11     | Reached skill level 18 in Fighting
 17249 | D:11     | Killed Harold
 19494 | D:12     | Found a staircase to the Orcish Mines.
 19581 | Orc:1    | Entered Level 1 of the Orcish Mines
 19876 | Orc:2    | Entered Level 2 of the Orcish Mines
 20242 | Orc:2    | Reached skill level 1 in Axes
 20423 | Orc:1    | Noticed an ettin
 20440 | Orc:1    | Killed an ettin
 21415 | Orc:2    | Found a staircase to the Elven Halls.
 21752 | Orc:2    | Paralysed by an orc sorcerer for 4 turns
 22491 | Orc:1    | Gained mutation: Your large and strong wings let you fly.
                  | [Gargoyle growth]
 22491 | Orc:1    | Reached XP level 14. HP: 74/104 MP: 14/14
 22495 | Orc:1    | Paralysed by an orc sorcerer for 2 turns
 22818 | Orc:2    | Found Iseil's Jewellery Emporium.
 22819 | Orc:2    | Found Vumu's Antique Armour Shoppe.
 22820 | Orc:2    | Found Qawar's Distillery.
 22841 | Orc:2    | Found Ekuac's Weapon Emporium.
 22875 | Orc:2    | Bought a potion of heal wounds for 70 gold pieces
 22877 | Orc:2    | Bought the amulet of the Queen {Reflect Will+ Str+2 Int+3
                  | Dex+4 SH+5} for 861 gold pieces
 23619 | D:13     | Reached skill level 5 in Axes
 23673 | D:13     | Found Jas Rea's Jewellery Boutique.
 24478 | D:13     | Noticed Sonja
 24487 | D:13     | Killed Sonja
 25160 | D:14     | You are sucked into a shaft and drop 1 floor!
 25160 | D:15     | Entered Level 15 of the Dungeon
 25305 | D:14     | Found a white marble altar of Elyvilon.
 25352 | D:14     | Found a gate to the Vaults.
 26409 | D:15     | Found Keqy's Antique Artefacts.
 26424 | D:15     | Reached skill level 19 in Fighting
 26446 | D:15     | Found a staircase to the Depths.
 26446 | D:15     | Noticed a stone giant
 26595 | Shoals:1 | Entered Level 1 of the Shoals
 26967 | Snake:1  | Entered Level 1 of the Snake Pit
 27257 | Snake:1  | HP: 4/106 [salamander mystic/bolt of magma (22)]
 27257 | Snake:1  | Mangled by a salamander mystic

Illustrated notes

Levels and vault maps discovered:
D:1:      lemuel_arrival_cross, layout_basic,
          shapermc_ecumenical_altar_mp_urbaneastern
D:2:      minmay_diamond_boxcup, layout_basic, st_stairs_13, minmay_octomino_j4
D:3:      layout_loops_cross, marbit_many_paths, serial_shops, shop, st_stairs_5
D:4:      layout_loops_corners
D:5:      layout_rooms, tgw_sif, minmay_temple_entry_trees, st_stairs_7
D:6:      cheibrodos_quashed, layout_cave_pools, nicolae_water_bricks,
          nicolae_fountain_basement, uniq_sigmund
D:7:      layout_cave_pools, grunt_temple_overflow_opulence,
          nicolae_ru_the_path_less_chosen, serial_shops,
          nicolae_shop_mannequins, chequers_hall_statues_wall_a,
          kennysheep_small_square
D:8:      layout_basic, minmay_between
D:9:      layout_stronghold, mainiacjoe_overflow_alcove_3, enter_bailey_4,
          grunt_ministairs_13, nicolae_evil_shop
D:10:     layout_roguey, lemuel_zombie_altar_yredelemnul,
          mainiacjoe_overflow_alcove_2, minmay_lair_entry_grove,
          gammafunk_ghost_ooze
D:11:     wad_guarded_room, layout_layer_cave, minmay_misc_feat_tower,
          st_stairs_14, uniq_josephine, uniq_harold
D:12:     layout_irregular_city, erik_orc_2
D:13:     layout_layer_cave, serial_shops, shop,
          nicolae_kite_square_tiling_tiny, uniq_sonja
D:14:     layout_long_grid, david_vaults_2, nicolae_elyvilon_temple_path
D:15:     grunt_enter_depths_giant_problem, layout_irregular_city, serial_shops,
          nicolae_diamond_shop, nicolae_antique_artefacts
Temple:   minmay_freezing_vapour_temple
Lair:1:   gammafunk_boulding_lane, layout_layer_cave,
          gammafunk_ghost_hydra_chop, columned_hall_lemuel
Lair:2:   layout_big_grid, minmay_shoals_entry_centaurs,
          nicolae_snake_entry_squirm
Lair:3:   layout_cave_pods, serial_bayou_shore_b, infiniplex_staircase_pool_2,
          grunt_megastairs_2
Shoals:1: layout_shoals, uniq_mlioglotl
Snake:1:  layout_concentric_octagons, nicolae_snake_coiling_death, uniq_rupert
Orc:1:    layout_caves, basic_altar
Orc:2:    st_orc_mages, layout_caves

Skill      XL: |  1  2  3  4  5  6  7  8  9 10 11 12 13 14 |
---------------+-------------------------------------------+-----
Fighting       | 4 5 6 7 9 12 14 17 18 19 | 19.1
Maces & Flails | 3 4 6 7 9 |  9.4
Armour         | 4 5 6 7 9 10 12 13 14 | 14.4
Throwing       | 1 2 |  2.6
Axes           | 4 7 |  7.7
Shields        | |  3.3
Evocations     | |  0.5

Action                     |  1- 3 |  4- 6 |  7- 9 | 10-12 | 13-15 || total
---------------------------+-------+-------+-------+-------+-------++-------
  Melee: Flail             |   139 |   309 |   430 |       |       ||   878
         Battleaxe         |       |       |    71 |   575 |   659 ||  1305
  Throw: Dart              |       |       |       |    16 |     9 ||    25
         Javelin           |       |       |       |     5 |       ||     5
 Invoke: Potion Petition   |       |       |       |       |     5 ||     5
  Evoke: Wand              |       |       |       |       |     7 ||     7
    Use: Potion            |       |     1 |       |     1 |     2 ||     4
         Scroll            |       |       |       |     5 |    10 ||    15
   Stab: Distracted        |       |       |       |     1 |       ||     1
         Invisible         |       |       |       |       |     1 ||     1
 Armour: Scale mail        |   128 |   270 |    49 |       |       ||   447
         Chain mail        |       |       |    32 |       |       ||    32
         Plate armour      |       |       |   451 |   930 |  1119 ||  2500
  Dodge: Dodged            |    84 |   171 |   178 |   270 |   271 ||   974
  Block: Buckler           |    35 |    68 |    91 |       |       ||   194
         Other             |       |       |       |       |    36 ||    36
         Reflection        |       |       |       |       |     1 ||     1
